Map: New Gettysburg LE

Players

TooDming - Winner!

  • Race: Zerg Zerg

Neeb

  • Race: Protoss Protoss

Event: IEM Season 11 - Shanghai

VOD

Have the link to the VOD?

Description

Time

  • Played on: July 27, 2016, 9:07 a.m.
  • Length: 1:09

All games in this series

Show
View Real Time Build Order
Export as new Build Order

TooDming Zerg - Winner!

Build Orders:  

Get SALT Encoding   

  12  0:01  Drone  
  13  0:13  Overlord  
  13  0:18  Drone  
  14  0:32  Drone  
  15  0:46  Hatchery  
  15  0:49  Drone  
  15  0:53  Drone  
Show
View Real Time Build Order
Export as new Build Order

Neeb Protoss 

Build Orders:  

Get SALT Encoding   

  12  0:02  Probe (Chrono Boost)  
  13  0:12  Probe (Chrono Boost)  
  14  0:19  Pylon  
  14  0:23  Probe (Chrono Boost)  
  15  0:37  Probe (Chrono Boost)  
  16  0:44  Gateway  
  16  0:47  Probe (Chrono Boost)  
  17  0:54  Assimilator  
  17  0:58  Probe (Chrono Boost)  

Tags
 
Add a new tag
Caveats
  • Supply blocks, unpowered buildings, or Contaminate may cause inaccurate times.
  • Supply counts are checked every 10 seconds.